 Dungeon Crawl Stone Soup version 0.19-a0-1714-gcab94ab (webtiles) character file.

1572 Theye the Cudgeler (level 8, 0/61 HPs)
             Began as a Mummy Fighter on Sept 28, 2016.
             Slain by a killer bee (3 damage)
             ... on level 6 of the Dungeon.
             The game lasted 00:07:04 (5718 turns).

Theye the Cudgeler (Mummy Fighter)                  Turns: 5718, Time: 00:07:05

Health: 0/61       AC: 11    Str: 19    XL:     8   Next: 59%
Magic:  8/8        EV:  6    Int:  8    God:
Gold:   221        SH: 11    Dex: 13    Spells: 0 memorised, 7 levels left

rFire  x . .     SeeInvis .     o - +0 morningstar
rCold  + . .     Gourm    .     j - +0 chain mail
rNeg   + + +     Faith    .     c - +1 shield
rPois  ∞         Spirit   .     d - +1 hat
rElec  .         Dismiss  .     (no cloak)
rCorr  .         Reflect  .     (no gloves)
MR     +....     Harm     .     (no boots)
Stlth  ..........               (no amulet)
                                (no ring)
                                (no ring)

@: no status effects
A: no food or potions, fire vulnerability, cold resistance 1, negative energy
resistance 3, torment resistance, unbreathing
a: no special abilities


You were on level 6 of the Dungeon.
You were not hungry.

You visited 1 branch of the dungeon, and saw 6 of its levels.

You collected 221 gold pieces.

Inventory:

Hand Weapons
 o - a +0 morningstar (weapon)
Armour
 b - a +0 scale mail
 c - a +1 shield (worn)
 d - a +1 hat (worn)
 j - a +0 chain mail (worn)
Wands
 n - a wand of paralysis (13/24)
Scrolls
 e - a scroll of magic mapping
 g - a scroll of fear
 h - a scroll of blinking
 i - 2 scrolls of recharging
 k - a scroll of remove curse {unknown}
 l - 4 scrolls of fog
 m - 2 scrolls of random uselessness
Books
 f - a book of Cantrips

   Spells                             Type                      Level
   a - Confusing Touch                Hexes                        1
   b - Animate Skeleton               Necromancy                   1
   c - Summon Small Mammal            Summoning                    1
   d - Apportation                    Translocation                1


   Skills:
 + Level 4.5 Fighting
 + Level 5.8 Maces & Flails
 + Level 4.9 Armour
 + Level 1.7 Dodging
 + Level 4.9 Shields


You had 7 spell levels left.
You didn't know any spells.

Dungeon Overview and Level Annotations

Branches:
Dungeon (6/15)
 Temple: D:4-7

Altars:
Dithmenos
Fedhas
Gozag
Hepliaklqana
Makhleb
Okawaru
Trog
Uskayaw
Vehumet
Zin
The Shining One

Shops:
D:4 *   D:5 (%


Innate Abilities, Weirdness & Mutations

You do not eat or drink.
Your flesh is vulnerable to fire.
You are immune to poison.
Your flesh is cold resistant. (rC+)
You are immune to negative energy. (rN+++)
You are immune to unholy pain and torment.
You can survive without breathing.


Message History

The killer bee barely misses you. The killer bee stings you.
* * * LOW HITPOINT WARNING * * *
You block the killer bee's attack.
You closely miss the killer bee.
The killer bee is almost dead.
The killer bee stings you.
* * * LOW HITPOINT WARNING * * *
You block the killer bee's attack.
You barely miss the killer bee.
The killer bee is almost dead.
The killer bee stings you but does no damage.
The killer bee stings you.
* * * LOW HITPOINT WARNING * * *
You block the killer bee's attack.
Unknown command.
Okay, then.
You barely miss the killer bee.
The killer bee is almost dead.
You block the killer bee's attack. The killer bee stings you.
You die...

<# #.# #.#
##.###########
#............#
##...#.###.##y#
####......#
#.##@#
..........#
#.##.#
#####..####
#.##†#
#..######.##.#
#...).)†..##.#
##'#########.#
#...# #..
#.[...# #..
#.......# #..


You could see a killer bee.

Vanquished Creatures
  A water moccasin (D:6)
  A black bear (D:6)
  A sky beast (D:6)
  2 ice beasts
  2 ogres
  A bullfrog (D:6)
  A scorpion (D:3)
  A killer bee (D:6)
  5 bullfrog zombies (D:6)
  A jelly (D:5)
  2 hounds (D:4)
  An orc priest (D:4)
  3 orc wizards
  3 bullfrog skeletons
  A centaur skeleton (D:5)
  2 iguanas
  A worker ant (D:4)
  3 gnolls (D:3)
  7 adders
  An adder zombie (D:6)
  A worm (D:4)
  5 dart slugs
  A leopard gecko (D:3)
  11 orcs
  A ball python (D:1)
  7 giant cockroaches
  11 goblins
  10 hobgoblins
  4 jackals (D:6)
  6 kobolds
  3 quokkas
  5 bats
  4 frilled lizards
  3 leopard gecko skeletons
  7 rats
119 creatures vanquished.

Notes
Turn   | Place    | Note
-------+----------+-------------------------------------------
     0 | D:1      | Theye the Mummy Fighter began the quest for the Orb.
     0 | D:1      | Reached XP level 1. HP: 18/18 MP: 1/1
   146 | D:1      | Reached XP level 2. HP: 13/24 MP: 2/2
  1006 | D:2      | Found a faded altar of an unknown god.
  1013 | D:2      | Reached skill level 2 in Maces & Flails
  1040 | D:2      | Reached XP level 3. HP: 29/29 MP: 3/3
  1102 | D:2      | Found a radiant altar of Vehumet.
  1303 | D:2      | Found a glowing golden altar of the Shining One.
  1303 | D:2      | Found a burning altar of Makhleb.
  1654 | D:2      | Found a hazy altar of Hepliaklqana.
  1660 | D:2      | Found a shadowy altar of Dithmenos.
  1661 | D:2      | Found an opulent altar of Gozag.
  1704 | D:2      | Reached XP level 4. HP: 35/35 MP: 4/4
  1861 | D:3      | Found a blossoming altar of Fedhas.
  2183 | D:3      | Found an iron altar of Okawaru.
  2374 | D:3      | Found a glowing silver altar of Zin.
  2504 | D:3      | Reached skill level 3 in Maces & Flails
  2504 | D:3      | Reached XP level 5. HP: 30/41 MP: 5/5
  2750 | D:4      | Noticed an ogre
  3331 | D:4      | Noticed an ogre
  3338 | D:4      | Killed an ogre
  3338 | D:4      | Reached XP level 6. HP: 25/47 MP: 6/6
  3739 | D:4      | Noticed a hand axe
  3740 | D:4      | Noticed a dagger
  3741 | D:4      | Found a hide-covered altar of Uskayaw.
  3890 | D:4      | Reached skill level 4 in Maces & Flails
  3984 | D:4      | Found Ruskual's General Store.
  4161 | D:5      | Entered Level 5 of the Dungeon
  4193 | D:5      | Noticed an ice beast
  4356 | D:4      | Killed an ice beast
  4356 | D:4      | Reached skill level 1 in Dodging
  4356 | D:4      | Reached XP level 7. HP: 18/52 MP: 7/7
  4867 | D:5      | Found Areseguf's Food Emporium.
  4927 | D:5      | Found Enkil's Antique Weapon Emporium.
  5250 | D:6      | Reached skill level 5 in Maces & Flails
  5250 | D:6      | Reached XP level 8. HP: 52/60 MP: 8/8
  5431 | D:6      | Found a bloodstained altar of Trog.
  5717 | D:6      | HP: 3/61 [killer bee (4)]
  5718 | D:6      | Slain by a killer bee

Vault maps used:
D:1:      dpeg_arrival_houses_and_road
D:2:      lemuel_round_altar, gammafunk_temple_overflow_forgotten,
          gammafunk_temple_overflow_pools, ecumenical_altar_2, first_bread
D:3:      nicolae_overflow_hidden_temple, okawaru_altar_gauntlet_db
D:4:      dancing_weapons_uskayaw, serial_shops, nicolae_shop_window_shopping
D:5:      serial_shops, shop, shop_statue
D:6:      nicolae_overflow_crystal_walls, serial_undead, serial_undead_f,
          serial_undead_c, serial_undead_e, serial_undead_d, serial_undead_e,
          serial_undead_b, serial_undead_e, serial_undead_c, serial_undead_d,
          serial_undead_e, mumra_transporter_accident

Skill      XL: |  1  2  3  4  5  6  7 |
---------------+----------------------+-----
Maces & Flails | 2 3 4 5 |  5.8
Armour         | 3 4 |  4.9
Shields        | 3 4 |  4.9
Dodging        | 1 |  1.7
Fighting       | 4 |  4.5

Action                   |  1- 3 |  4- 6 |  7- 9 || total
-------------------------+-------+-------+-------++-------
Melee: Flail             |   142 |   224 |   193 ||   559
       Morningstar       |       |       |    48 ||    48
  Use: Scroll            |       |     7 |       ||     7
Armor: Scale mail        |    53 |       |       ||    53
       Chain mail        |    11 |   143 |   153 ||   307
Dodge: Dodged            |    42 |    49 |    56 ||   147
Block: Shield            |    62 |   116 |   168 ||   346
